 Dungeon Crawl Stone Soup version 0.30-a0-862-g1aabd4f9c5 (webtiles) character file.

Game seed: 13245688337903999847

217 cforsyth the Magician (level 5, -1/28 HPs)
             Began as a Deep Elf Earth Elementalist on Mar 9, 2023.
             Slain by a goblin
             ... wielding a +0 club
             ... led by Robin
              (2 damage)
             ... on level 2 of the Dungeon.
             The game lasted 00:01:42 (1321 turns).

cforsyth the Magician (Deep Elf Earth Elementalist) Turns: 1321, Time: 00:01:42

Health: -1/28      AC:  2    Str:  5    XL:     5   Next: 62%
Magic:  5/15       EV: 12    Int: 22    God:
Gold:   22         SH:  0    Dex: 15    Spells: 15/16 levels left

rFire   . . .      SeeInvis .    (no weapon)
rCold   . . .      Faith    .    (no shield)
rNeg    . . .      Spirit   .    a - +0 robe
rPois   .          Reflect  .    (no helmet)
rElec   .          Rampage  .    (no cloak)
rCorr   .                        (no gloves)
Will    .....                    (no boots)
Stlth   ++                       (no amulet)
HPRegen 0.24/turn                (no ring)
MPRegen 0.14/turn                (no ring)

@: no status effects
A: no striking features
a: no special abilities


You were on level 2 of the Dungeon.
You visited 1 branch of the dungeon, and saw 2 of its levels.

You collected 22 gold pieces.

Inventory:

Armour
 a - a +0 robe (worn)
Scrolls
 c - a scroll of brand weapon {unknown}
 d - 3 scrolls of identify {unknown}
 e - a scroll of fog {unknown}
 f - 2 scrolls of blinking {unknown}
 h - a scroll of noise {unknown}
 i - a scroll of amnesia {unknown}
Potions
 b - a potion of magic
 g - a potion of might {unknown}
 j - a potion of attraction {unknown}


   Skills:
 - Level 2.4 Dodging
 - Level 2.4 Stealth
 + Level 6.0 Spellcasting
 - Level 1.1 Transmutations
 + Level 5.4 Earth Magic


You had 15 spell levels left.
You knew the following spells:

 Your Spells              Type           Power      Damage    Failure   Level
a - Sandblast             Erth           60%        2d14      1%          1

Your spell library contained the following spells:

 Spells                   Type           Power      Damage    Failure   Level
 Passwall                 Tmut/Erth      17%        N/A       3%          2
 Stone Arrow              Conj/Erth      36%        3d9       9%          3
 Petrify                  Tmut/Erth      21%        N/A       24%         4


Dungeon Overview and Level Annotations

Branches:
Dungeon (2/15)

Altars:

Shops:
D:1 (


Message History

Unknown command.
Unknown command.
Casting: Sandblast (safe; 1% risk of failure)
Confirm with . or Enter, or press ? or * to list all spells.
Aiming: Sandblast (safe; 1% risk of failure)
Press: ? - help, Shift-Dir - straight line, f/p - Robin
Aim: Robin, wielding a +6 club, wearing a +0 animal skin and wearing a +0 helmet (heavily wounded, 88% to hit)
The blast of sand hits Robin.
Robin is severely wounded.
The goblin hits you but does no damage. Robin hits you with a +6 club!
* * * LOW HITPOINT WARNING * * *
The hobgoblin misses you.
A goblin comes into view. It is wielding a +0 club.
The goblin hits you but does no damage. Robin closely misses you.
The hobgoblin hits you.
* * * LOW HITPOINT WARNING * * *
Unknown command.
Unknown command.
Casting: Sandblast (safe; 1% risk of failure)
Confirm with . or Enter, or press ? or * to list all spells.
Aiming: Sandblast (safe; 1% risk of failure)
Press: ? - help, Shift-Dir - straight line, f/p - Robin
Aim: Robin, wielding a +6 club, wearing a +0 animal skin and wearing a +0 helmet (severely wounded, 88% to hit)
The blast of sand hits Robin!
You kill Robin!
The hobgoblin closely misses you. The goblin closely misses you.
Your Spellcasting skill increases to level 6!
Unknown command.
Unknown command.
Okay, then.
Unknown command.
Casting: Sandblast (safe; 1% risk of failure)
Confirm with . or Enter, or press ? or * to list all spells.
Aiming: Sandblast (safe; 1% risk of failure)
Press: ? - help, Shift-Dir - straight line, f - hobgoblin
Aim: a hobgoblin, quivering stones (strong, 84% to hit)
The blast of sand hits the hobgoblin!
You kill the hobgoblin!
The goblin hits you with a +0 club.
You die...

### ##### .... ...#
########
#.##.##.###......# #
#.##........####.# #.
##....##.##### #.#
#.g#...#.##.## #####.#
#..)†.g......# #......
#...g@...###|# #.###.#
#...(.....##.# #.##...
#.........##.###.##..#
#.#..............##.##
# #....#..#........†..
#...#.....#.....#.....
#...##.#.##.....#.#.##
#.#. #.#.##.....#.#.##
#. ....####........#


You could see a hobgoblin (strong) and 2 goblins.

Vanquished Creatures
  Sigmund (D:2)
  Robin (D:2)
  An adder (D:2)
  3 dart slugs
  5 endoplasms (D:1)
  A giant cockroach (D:2)
  8 goblins
  3 hobgoblins
  A quokka (D:1)
  2 ball pythons (D:1)
  2 bats
  3 frilled lizards (D:1)
  5 rats
36 creatures vanquished.

Notes
Turn   | Place    | Note
-------+----------+-------------------------------------------
     0 | D:1      | cforsyth the Deep Elf Earth Elementalist began the quest
                  | for the Orb.
     0 | D:1      | Reached XP level 1. HP: 10/10 MP: 6/6
   206 | D:1      | Reached XP level 2. HP: 15/15 MP: 4/8
   569 | D:1      | Found Maaptyn Ofo's Antique Weapon Shop.
   676 | D:1      | Reached skill level 4 in Spellcasting
   699 | D:1      | Found a faded altar of an unknown god.
   949 | D:2      | Reached XP level 3. HP: 19/19 MP: 7/10
   982 | D:2      | Noticed Sigmund
   996 | D:2      | Killed Sigmund
   997 | D:2      | Reached skill level 5 in Spellcasting
   997 | D:2      | Reached skill level 5 in Earth Magic
   997 | D:2      | Reached XP level 4. HP: 2/24 MP: 6/13
   997 | D:2      | Reached XP level 5. HP: 2/28 MP: 6/15
  1315 | D:2      | Noticed Robin
  1319 | D:2      | HP: 1/28 [hobgoblin (4)]
  1320 | D:2      | Killed Robin
  1321 | D:2      | Reached skill level 6 in Spellcasting
  1321 | D:2      | Slain by a goblin

Illustrated notes

Levels and vault maps discovered:
D:1:      evilmike_arrival_rings, layout_loops_ring,
          shapermc_ecumenical_altar_ellora, serial_shops, shop
D:2:      layout_loops_cross, roderic_lattice_a, minmay_goblin_outpost,
          uniq_sigmund, uniq_robin, uniq_terence

Skill      XL: |  1  2  3  4  5 |
---------------+----------------+-----
Spellcasting   | 4 5 6 |  6.0
Earth Magic    | 4 5 |  5.4
Dodging        | |  2.4
Stealth        | |  2.4
Transmutations | |  1.1

Action                     |  1- 3 |  4- 6 || total
---------------------------+-------+-------++-------
   Cast: Sandblast         |    34 |    17 ||    51
 Armour: Robe              |     1 |     5 ||     6
  Dodge: Dodged            |     1 |    14 ||    15

Table legend: (Time is in decaauts)
 A = Elapsed time spent in this place.
 B = Non-inter-level travel time spent in this place.
 C = Inter-level travel time spent in this place.
 D = Time resting spent in this place.
 E = Time spent auto-exploring this place.
 F = Levels seen in this place.
 G = Mean time per level.
                   A        B        C        D        E       F      G
               +--------+--------+--------+--------+--------+-----+--------+
         Total |   1345 |   1330 |     15 |     30 |   1107 |   2 |  672.5 |
       Dungeon |   1345 |   1330 |     15 |     30 |   1107 |   2 |  672.5 |
               +--------+--------+--------+--------+--------+-----+--------+

Top non-repeatable levels by time:
     D:1: 958 daAuts
     D:2: 387 daAuts
